Selects Luftwaffe Battlegroup
Selects Luftwaffe Pioneer Support
Fallschirmpioneer Squad Paradrop
Construct Infanterie Kompanie
Infanterie Officer Quarters
Construct Panzergrenadier Kompanie
Selects Reconnaissance Run
Selects Fallschirmjäger Squad Paradrop
Fallschirmjäger Squad Paradrop
Panzergrenadier Officer Quarters
Fallschirmjäger Squad Paradrop
Construct Panzer Kompanie
Selects Flak 38 Anti-Air Emplacement
Selects Infantry Reserves